 Dungeon Crawl Stone Soup version 0.32-a0-872-g59262bdc9b (webtiles) character file.

Game seed: 16358372448510257632

742 jasper the Cleaver (level 7, -7/56 HPs)
             Began as a Mountain Dwarf Gladiator on Mar 30, 2024.
             Mangled by an ogre
             ... wielding a +0 giant club
              (19 damage)
             ... on level 4 of the Dungeon.
             The game lasted 00:04:16 (2970 turns).

jasper the Cleaver (Mountain Dwarf Gladiator)       Turns: 2970, Time: 00:04:17

Health: -7/56      AC:  7    Str: 18    XL:     7   Next: 47%
Magic:  7/7        EV:  9    Int:  9    God:
Gold:   249        SH:  0    Dex: 11    Spells: 6/6 levels left

rFire   . . .        a - +1 war axe (elec)
rCold   . . .        (no shield)
rNeg    . . .        s - +0 scale mail
rPois   .            c - +0 helmet
rElec   .            (no cloak)
rCorr   .            (no gloves)
SInv    .            (no boots)
Will    .....        p - amulet of regeneration Stlth
                     (no ring)
HPRegen 1.09/turn    (no ring)
MPRegen 0.10/turn

%: no passive effects
@: no status effects
A: runic magic, artefact enchanting
a: no special abilities


You were on level 4 of the Dungeon.
You visited 1 branch of the dungeon, and saw 4 of its levels.

You collected 249 gold pieces.

Inventory:

Hand Weapons
 a - a +1 war axe of electrocution (weapon)
 j - a +1 dagger of venom
Missiles
 d - 3 throwing nets
 e - a javelin
 g - 25 stones (quivered)
 k - 3 poisoned darts
Armour
 b - a +0 leather armour
 c - a +0 helmet (worn)
 i - a +0 ring mail
 s - a +0 scale mail (worn)
Jewellery
 p - an amulet of regeneration (around neck)
 r - an amulet of guardian spirit
 u - a +6 ring of intelligence
Scrolls
 m - a scroll of enchant weapon
 n - a scroll of teleportation
 o - a scroll of immolation
 v - a scroll of identify
Potions
 f - a potion of enlightenment
 h - 2 potions of magic
 l - a potion of degeneration
 q - a potion of lignification {unknown}
 t - 3 potions of curing
 w - a potion of haste {unknown}


   Skills:
 + Level 2.4 Fighting
 * Level 10.4 Axes
 - Level 1.5 Throwing
 + Level 0.8 Armour
 - Level 2.1 Dodging


You had 6 spell levels left.
You didn't know any spells.
Your spell library contained the following spells:

 Spells                   Type           Power      Damage    Failure   Level
 Volatile Blastmotes      Fire/Tloc      0%         2d10      85%         3
 Fulminant Prism          Conj/Alch      0%         3d5       99%         4
 Iskenderun's Mystic Bla Conj/Tloc 0%             2d3        (+2d1     99%         4


Dungeon Overview and Level Annotations

Branches:
Dungeon (4/15)
 Temple: D:4-7

Altars:

Annotations:
D:3 1 runed translucent door, KennySheep's ghost, weakling HuMo
D:4 2 transporters, TwadoKnight's ghost, amateur MiFi


Innate Abilities, Weirdness & Mutations

Your spellcasting is much less encumbered by armour.
You can use scrolls of enchantment on lesser artefacts.


Message History

The hobgoblin attacks as it pursues you!
The hobgoblin hits you but does no damage.
The hobgoblin attacks as it pursues you!
The hobgoblin hits you but does no damage.
There is a stone staircase leading down here.
The hobgoblin attacks as it pursues you!
The hobgoblin barely misses you. The hobgoblin closely misses you.
You closely miss the hobgoblin.
The hobgoblin is severely wounded.
The hobgoblin closely misses you.
You closely miss the hobgoblin.
The hobgoblin is severely wounded.
The hobgoblin closely misses you.
You slash the hobgoblin!
You kill the hobgoblin!
You barely miss the hobgoblin.
The hobgoblin hits you but does no damage.
You hit the hobgoblin.
The hobgoblin is lightly wounded.
The hobgoblin barely misses you.
You slash the hobgoblin!
Lightning courses through the hobgoblin!!
You kill the hobgoblin!
You see here a hobgoblin corpse.
You slash the ogre!
The ogre is heavily wounded.
The ogre hits you with a +0 giant club!!
You take 27 damage, and have 29/56 hp.
MASSIVE DAMAGE!!
You barely miss the ogre.
The ogre is heavily wounded.
The ogre hits you with a +0 giant club!!
* * * LOW HITPOINT WARNING * * *
You take 19 damage, and have 10/56 hp.
MASSIVE DAMAGE!!
You hit the ogre.
The ogre is heavily wounded.
You barely miss the ogre.
The ogre is heavily wounded.
The ogre hits you with a +0 giant club!!
You die...

#################
#...............#
#.##.####..#..#.########
#.##...@OJ###.†J........
#.##.####..#..O.>....)..
#.##.# ##...#########..
#.##.# #..## .# #.##.#
#..# .# #.##.#####).# .#
#.##.#......# #.
#...........# .
###.)..###### .


You could see an ogre and an endoplasm.

Vanquished Creatures
  Grinder (D:3)
  An ice beast (D:4)
  2 black bears (D:4)
  A scorpion (D:4)
  A bombardier beetle (D:2)
  4 gnolls (D:3)
  5 adders
  3 ribbon worms
  2 dart slugs
  4 orcs
  11 ball pythons
  9 endoplasms
  6 giant cockroaches
  7 goblins
  7 hobgoblins
  7 kobolds
  3 quokkas
  3 bats (D:1)
  7 frilled lizards
  4 rats
88 creatures vanquished.

Notes
Turn   | Place    | Note
-------+----------+-------------------------------------------
     0 | D:1      | jasper the Mountain Dwarf Gladiator began the quest for the
                  | Orb.
     0 | D:1      | Reached XP level 1. HP: 17/17 MP: 1/1
    51 | D:1      | Reached skill level 4 in Axes
    62 | D:1      | Reached XP level 2. HP: 24/24 MP: 2/2
   522 | D:1      | Found a faded altar of an unknown god.
   528 | D:1      | Reached skill level 5 in Axes
   583 | D:1      | Reached XP level 3. HP: 29/29 MP: 3/3
   985 | D:2      | Reached skill level 6 in Axes
   985 | D:2      | Reached XP level 4. HP: 25/36 MP: 4/4
  1592 | D:3      | Noticed Grinder
  1598 | D:3      | Paralysed by Grinder for 3 turns
  1603 | D:3      | Killed Grinder
  1604 | D:3      | Reached skill level 8 in Axes
  1604 | D:3      | Reached XP level 5. HP: 15/41 MP: 5/5
  1604 | D:3      | Reached XP level 6. HP: 18/48 MP: 6/6
  2130 | D:3      | Found a runed translucent door.
  2130 | D:3      | Noticed KennySheep's ghost (weakling HuMo)
  2318 | D:3      | Reached skill level 9 in Axes
  2571 | D:4      | Found a transporter.
  2571 | D:4      | Noticed TwadoKnight's ghost (amateur MiFi)
  2598 | D:4      | Found a transporter.
  2688 | D:4      | Reached XP level 7. HP: 42/55 MP: 7/7
  2755 | D:4      | Reached skill level 10 in Axes
  2970 | D:4      | Mangled by an ogre

Illustrated notes

Levels and vault maps discovered:
D:1:      dpeg_arrival_rooms_b, layout_basic,
          ebering_ecumenical_altar_sacrificial
D:2:      layout_rooms
D:3:      layout_basic, gammafunk_ghost_grave, kennysheep_generic_room_7,
          uniq_grinder
D:4:      layout_loops_ring, gammafunk_ghost_arena

Skill      XL: |  1  2  3  4  5  6  7 |
---------------+----------------------+-----
Axes           | 4 5 6 8 9 10 | 10.4
Fighting       | |  2.4
Throwing       | |  1.5
Armour         | |  0.8
Dodging        | |  2.1

Action                     |  1- 3 |  4- 6 |  7- 9 || total
---------------------------+-------+-------+-------++-------
  Melee: War axe           |    75 |   121 |    36 ||   232
  Throw: Stone             |     1 |     2 |       ||     3
         Throwing net      |       |     3 |       ||     3
         Javelin           |       |     1 |       ||     1
    Use: Scroll            |     3 |     8 |       ||    11
   Stab: Sleeping          |     1 |       |       ||     1
         Held in net/web   |       |     1 |       ||     1
 Armour: Leather armour    |    62 |    25 |       ||    87
         Ring mail         |       |    38 |       ||    38
         Scale mail        |       |    10 |    27 ||    37
  Dodge: Dodged            |    41 |    61 |    20 ||   122

Table legend: (Time is in decaauts)
 A = Elapsed time spent in this place.
 B = Non-inter-level travel time spent in this place.
 C = Inter-level travel time spent in this place.
 D = Time resting spent in this place.
 E = Time spent auto-exploring this place.
 F = Levels seen in this place.
 G = Mean time per level.
                   A        B        C        D        E       F      G
               +--------+--------+--------+--------+--------+-----+--------+
         Total |   3002 |   2890 |    112 |     35 |   2164 |   4 |  750.5 |
       Dungeon |   3002 |   2890 |    112 |     35 |   2164 |   4 |  750.5 |
               +--------+--------+--------+--------+--------+-----+--------+

Top non-repeatable levels by time:
     D:3: 999 daAuts
     D:1: 936 daAuts
     D:2: 627 daAuts
     D:4: 438 daAuts
